 Dungeon Crawl Stone Soup version 0.31-a0-408-gb642c7f9a3 (webtiles) character file.

Game seed: 5769329391172329180

3303 zazu2006 the Fighter (level 10, -1/120 HPs)
             Began as a Gnoll Wanderer on July 29, 2023.
             Succumbed to a gnoll sergeant's poison
             ... on level 7 of the Dungeon.
             The game lasted 00:22:12 (7959 turns).

zazu2006 the Fighter (Gnoll Wanderer)               Turns: 7959, Time: 00:22:13

Health: -1/120     AC: 15    Str: 12    XL:     10   Next: 1%
Magic:  18/18      EV: 13    Int: 14    God:
Gold:   288        SH:  0    Dex: 13    Spells: 17/20 levels left

rFire   . . .        m - +6 dire flail (protect)
rCold   . . .        (shield currently unavailable)
rNeg    . . .        e - +0 robe
rPois   .            (no helmet)
rElec   .            (no cloak)
rCorr   .            u - +1 pair of gloves
SInv    .            (no boots)
Will    .....        (no amulet) Stlth
                     n - +4 ring of protection
HPRegen 0.40/turn    (no ring)
MPRegen 0.16/turn

%: no passive effects
@: berserking, lethally poisoned (-1 -> -31), under a protective aura, very
quick
A: fangs 1, strong nose, distributed training
a: no special abilities


You were on level 7 of the Dungeon.
You visited 2 branches of the dungeon, and saw 8 of its levels.
You also visited: Sewer and Ossuary.

You collected 288 gold pieces.

Inventory:

Hand Weapons
 a - a +1 dagger
 f - a +0 dagger of distortion
 m - a +6 dire flail of protection (weapon)
 C - the +3 shortbow "Duag" {drain, rElec}
   (You found it on level 6 of the Dungeon)

   rElec:     It insulates you from electricity.
Missiles
 b - an atropa-tipped dart (quivered)
 c - a datura-tipped dart
 g - 22 poisoned darts
 w - 3 throwing nets
Armour
 e - a +0 robe (worn)
 u - a +1 pair of gloves (worn)
 v - a +4 ring mail of positive energy
Jewellery
 n - a +4 ring of protection (left hand)
 q - a ring of poison resistance
Wands
 i - a wand of paralysis (2)
 r - a wand of mindburst (9)
 K - a wand of flame (10)
 N - a wand of roots (4)
Scrolls
 k - 2 scrolls of teleportation
 t - 2 scrolls of enchant armour
 x - 3 scrolls of poison
 y - 2 scrolls of revelation {unknown}
 A - a scroll of blinking {unknown}
 D - 2 scrolls of immolation {unknown}
 G - a scroll of torment {unknown}
 H - a scroll of noise {unknown}
 I - a scroll of brand weapon {unknown}
 L - a scroll of fog {unknown}
 M - 2 scrolls of identify
Potions
 h - 2 potions of invisibility
 j - a potion of cancellation {unknown}
 l - a potion of magic {unknown}
 o - 4 potions of haste
 p - 2 potions of resistance
 s - a potion of enlightenment {unknown}
 z - 2 potions of mutation
 B - a potion of attraction {unknown}
 E - a potion of berserk rage
 F - 2 potions of lignification {unknown}
 J - a potion of curing {unknown}


   Skills:
 + Level 8.2 Fighting
 + Level 4.9 Short Blades
 + Level 4.9 Long Blades
 + Level 4.9 Axes
 + Level 4.9 Maces & Flails
 + Level 4.9 Polearms
 + Level 4.9 Staves
 + Level 4.9 Ranged Weapons
 + Level 4.9 Throwing
 + Level 5.6 Armour
 + Level 4.9 Dodging
 + Level 7.8 Stealth
 + Level 4.9 Shields
 + Level 4.9 Unarmed Combat
 + Level 5.7 Spellcasting
 + Level 4.0 Conjurations
 + Level 4.0 Hexes
 + Level 4.0 Summonings
 + Level 4.0 Necromancy
 + Level 4.0 Translocations
 + Level 4.0 Transmutations
 + Level 4.0 Fire Magic
 + Level 5.6 Ice Magic
 + Level 4.0 Air Magic
 + Level 4.0 Earth Magic
 + Level 4.0 Poison Magic
 + Level 5.3 Invocations
 + Level 4.9 Evocations
 + Level 4.0 Shapeshifting


You had 17 spell levels left.
You knew the following spells:

 Your Spells              Type           Power      Damage    Failure   Level
a - Freeze                Ice            76%        1d8       1%          1
b - Blink                 Tloc           30%        N/A       4%          2

Your spell library contained the following spells:

 Spells                   Type           Power      Damage    Failure   Level
 Kiss of Death            Conj/Necr      60%        2d10      3%          1
 Lesser Beckoning         Tloc           30%        N/A       4%          2
 Momentum Strike          Conj/Tloc      30%        3d8       4%          2
 Hailstorm                Conj/Ice       17%        3d6       7%          3
 Confusing Touch          Hex            15%        N/A       10%         3
 Inner Flame              Hex/Fire       15%        N/A       10%         3
 Dispel Undead            Necr           15%        3d10      30%         4
 Manifold Assault         Tloc           15%        N/A       30%         4
 Yara's Violent Unravell  Hex/Tmut       7%         3d5       65%         5
 Enfeeble                 Hex            7%         N/A       100%        7


Dungeon Overview and Level Annotations

Branches:
Dungeon (7/15)             Temple (1/1) D:6           Sewer (visited)
Ossuary (visited)

Altars:
Cheibriados
Dithmenos
Fedhas
Gozag
Hepliaklqana
Kikubaaqudgha
Ru
Sif Muna
Trog
Uskayaw
Wu Jian
Yredelemnul
Zin
The Shining One

Shops:
D:3 *


Innate Abilities, Weirdness & Mutations

You have very sharp teeth.
Your uncanny sense of smell can sniff out nearby items.
Your experience applies equally to all skills.


Message History

* * * LOW HITPOINT WARNING * * *
You feel very sick.
The roots release their grip on the gnoll sergeant.
You feel much better.
You feel very sick.
The gnoll sergeant hits you from afar with a +1 trident of venom.
You are more poisoned.
Aiming: Mindburst
Press: ? - help, Shift-Dir - straight line, f/p - gnoll sergeant
Aim: a gnoll sergeant, wielding a +1 trident of venom, wearing a +0 ring mail and wearing a +0 buckler (heavily wounded, chance to affect: 81%)
The gnoll sergeant barely resists.
* * * LOW HITPOINT WARNING * * *
You feel very sick.
The gnoll sergeant hits you from afar with a +1 trident of venom!
* * * LOW HITPOINT WARNING * * *
You are more poisoned.
Unknown command.
Okay, then.
Okay, then.
Okay, then.
It was a potion of berserk rage.
A red film seems to cover your vision as you go berserk!
You feel yourself moving faster!
You feel mighty!
* * * LOW HITPOINT WARNING * * *
You feel extremely sick.
The gnoll sergeant hits you from afar with a +1 trident of venom.
* * * LOW HITPOINT WARNING * * *
You are more poisoned.
You are too berserk!
You feel a strong urge to attack something.
* * * LOW HITPOINT WARNING * * *
You feel very sick.
The gnoll sergeant completely misses you.
Things that are here:
a +0 dagger; a +0 robe; an orc corpse Unknown command.
You puncture the gnoll sergeant!
Your weapon exudes an aura of protection.
You kill the gnoll sergeant!
You die...

### ###### #.......#..
....#....# #......####
#..#....####.#....####
.....................
#....#..###....####
#....#.## #....#
###....# #....####
#..#### ##....... #@##
#....... #)# #.......
#o# ####....
.......)...# #....
...........# #....
....o......# #####
...........#
...........#
...........#


You could see an orc.

Vanquished Creatures
  Grinder (D:5)
  Sigmund (D:6)
  Eustachio (D:6)
  A steam dragon (D:7)
  2 ice beasts (D:6)
  An orc warrior (D:6)
  3 black bears (D:4)
  A sky beast (D:6)
  An ogre (D:6)
  A phantom (D:6)
  3 kobold brigands (Sewer)
  Blork the orc (D:6)
  A bullfrog (D:7)
  A gnoll sergeant (D:7)
  2 scorpions
  5 wights (D:6)
  A vampire bat (D:3)
  2 jellies (D:5)
  2 orc priests
  A gnoll bouda (D:7)
  2 hounds (D:6)
  A sleepcap (D:6)
  Terence (D:2)
  7 iguanas
  5 orc wizards
  A mummy (Ossuary)
  8 gnolls
  11 adders
  2 river rats (Sewer)
  2 white imps
  3 ufetubi
  5 worms
  3 dart slugs
  26 orcs
  2 spectral bats (Ossuary)
  9 bats
  4 bat skeletons (D:3)
  2 bat zombies (D:3)
  5 endoplasms
  5 giant cockroaches
  12 gnoll zombies (Ossuary)
  10 goblins
  10 hobgoblins
  2 jackals (D:1)
  5 quokkas
  12 ball pythons
  A bat simulacrum (Ossuary)
  3 frilled lizards
  3 goblin simulacra (Ossuary)
  2 goblin zombies (Ossuary)
  4 hobgoblin zombies (Ossuary)
  14 kobolds
  A kobold simulacrum (Ossuary)
  6 kobold zombies (Ossuary)
  6 orc zombies (Ossuary)
  7 rats
  3 rat simulacra (Ossuary)
  7 spectral goblins (Ossuary)
  A spectral kobold (Ossuary)
  A spectral rat (Ossuary)
246 creatures vanquished.

Vanquished Creatures (collateral kills)
  Edmund (D:4)
  2 jackals (D:4)
3 creatures vanquished.

Vanquished Creatures (others)
  2 gnolls (D:7)
2 creatures vanquished.

Grand Total: 251 creatures vanquished

Notes
Turn   | Place    | Note
-------+----------+-------------------------------------------
     0 | D:1      | zazu2006 the Gnoll Wanderer began the quest for the Orb.
     0 | D:1      | zazu2006 set off with the following items: a +1 dagger, an
                  | atropa-tipped dart, a datura-tipped dart, a potion of heal
                  | wounds, a +0 robe; and the following spell memorised:
                  | Freeze; and the following spells available to memorise:
                  | Hailstorm.
     0 | D:1      | Reached XP level 1. HP: 23/23 MP: 4/4
   114 | D:1      | Reached XP level 2. HP: 29/29 MP: 5/5
   573 | D:1      | Reached XP level 3. HP: 33/35 MP: 1/7
   863 | D:1      | Learned a level 2 spell: Blink
   899 | D:2      | Found a faded altar of an unknown god.
   904 | D:2      | Reached skill level 1 in Invocations
  1172 | D:2      | Noticed Terence
  1188 | D:2      | Killed Terence
  1189 | D:2      | Reached skill level 1 in Short Blades
  1189 | D:2      | Reached skill level 1 in Long Blades
  1189 | D:2      | Reached skill level 1 in Axes
  1189 | D:2      | Reached skill level 1 in Maces & Flails
  1189 | D:2      | Reached skill level 1 in Polearms
  1189 | D:2      | Reached skill level 1 in Staves
  1189 | D:2      | Reached skill level 1 in Ranged Weapons
  1189 | D:2      | Reached skill level 1 in Throwing
  1189 | D:2      | Reached skill level 1 in Dodging
  1189 | D:2      | Reached skill level 1 in Shields
  1189 | D:2      | Reached skill level 1 in Unarmed Combat
  1189 | D:2      | Reached skill level 1 in Evocations
  1189 | D:2      | Reached XP level 4. HP: 22/41 MP: 4/8
  1438 | D:2      | Reached skill level 1 in Conjurations
  1438 | D:2      | Reached skill level 1 in Hexes
  1438 | D:2      | Reached skill level 1 in Summonings
  1438 | D:2      | Reached skill level 1 in Necromancy
  1438 | D:2      | Reached skill level 1 in Translocations
  1438 | D:2      | Reached skill level 1 in Transmutations
  1438 | D:2      | Reached skill level 1 in Fire Magic
  1438 | D:2      | Reached skill level 1 in Air Magic
  1438 | D:2      | Reached skill level 1 in Earth Magic
  1438 | D:2      | Reached skill level 1 in Poison Magic
  1438 | D:2      | Reached skill level 1 in Shapeshifting
  1895 | D:3      | Reached XP level 5. HP: 45/47 MP: 4/9
  2313 | D:3      | Found Ybytyng's General Store.
  2415 | D:3      | Found an ancient bone altar of Kikubaaqudgha.
  2761 | D:4      | Noticed a black bear
  2945 | D:4      | Noticed Edmund
  3160 | D:4      | Noticed a black bear
  3176 | D:4      | Found a glowing drain.
  3196 | Sewer    | Entered a sewer
  3251 | Sewer    | Reached XP level 6. HP: 46/53 MP: 7/11
  4163 | Sewer    | Reached XP level 7. HP: 55/59 MP: 2/12
  4375 | Sewer    | Reached skill level 7 in Fighting
  4667 | D:4      | Killed Edmund
  5320 | D:4      | Reached XP level 8. HP: 37/67 MP: 14/14
  5549 | D:5      | Entered Level 5 of the Dungeon
  5608 | D:5      | Noticed Grinder
  5769 | D:5      | Found a shadowy altar of Dithmenos.
  5898 | D:5      | Killed Grinder
  6079 | D:5      | Found a basalt altar of Yredelemnul.
  6196 | D:6      | Noticed Blork the orc
  6207 | D:6      | Killed Blork the orc
  6208 | D:6      | Reached skill level 5 in Ice Magic
  6213 | D:6      | Reached XP level 9. HP: 69/73 MP: 16/16
  6216 | D:6      | Identified the +3 shortbow "Duag" {drain, rElec}
  6283 | D:6      | Noticed Sigmund
  6287 | D:6      | Found a sand-covered staircase.
  6293 | D:6      | Killed Sigmund
  6294 | D:6      | Reached skill level 5 in Spellcasting
  6303 | Ossuary  | Entered an ossuary
  6778 | D:6      | Noticed Eustachio
  6822 | D:6      | Reached skill level 5 in Armour
  6899 | D:6      | Killed Eustachio
  7017 | D:6      | Reached skill level 8 in Fighting
  7029 | D:6      | Reached skill level 5 in Invocations
  7316 | D:6      | Found a staircase to the Ecumenical Temple.
  7328 | Temple   | Entered the Ecumenical Temple
  7658 | D:6      | Found an ornate altar of the Wu Jian Council.
  7930 | D:7      | Reached XP level 10. HP: 75/80 MP: 18/18
  7958 | D:7      | HP: 3/120 [poisoned by a gnoll sergeant]
  7959 | D:7      | Succumbed to a gnoll sergeant's poison

Illustrated notes

Levels and vault maps discovered:
D:1:      dpeg_arrival_line_fractal, layout_basic
D:2:      layout_loops_cross, ebering_ecumenical_altar_abandoned,
          kennysheep_pointless_box, uniq_terence
D:3:      layout_basic, kennysheep_vampire_church, serial_shops, shop,
          solitary_fountain
D:4:      wad_river_or_something, layout_loops_corners, portal_sewer_entry_d,
          grunt_tough_drop, uniq_edmund
D:5:      layout_basic, nicolae_dithmenos_shadow_blocks, general_overflow_altar,
          uniq_grinder
D:6:      layout_basic, nzn_wu_jian_council_hall,
          minmay_temple_entry_nine_rooms, chequers_ossuary_entry_cave,
          lightli_minifort, uniq_blork_the_orc, uniq_eustachio, uniq_sigmund
D:7:      layout_basic, kennysheep_small_square
Temple:   compressed_dpeg_circular_temple

Skill      XL: |  1  2  3  4  5  6  7  8  9 |
---------------+----------------------------+-----
Stealth        | 6 7 |  7.8
Invocations    | 1 2 3 4 5 |  5.3
Short Blades   | 1 2 3 4 |  4.9
Long Blades    | 1 2 3 4 |  4.9
Axes           | 1 2 3 4 |  4.9
Maces & Flails | 1 2 3 4 |  4.9
Polearms       | 1 2 3 4 |  4.9
Staves         | 1 2 3 4 |  4.9
Ranged Weapons | 1 2 3 4 |  4.9
Throwing       | 1 2 3 4 |  4.9
Dodging        | 1 2 3 4 |  4.9
Shields        | 1 2 3 4 |  4.9
Unarmed Combat | 1 2 3 4 |  4.9
Spellcasting   | 3 4 5 |  5.7
Evocations     | 1 2 3 4 |  4.9
Conjurations   | 1 2 3 4 |  4.0
Hexes          | 1 2 3 4 |  4.0
Summonings     | 1 2 3 4 |  4.0
Necromancy     | 1 2 3 4 |  4.0
Translocations | 1 2 3 4 |  4.0
Transmutations | 1 2 3 4 |  4.0
Fire Magic     | 1 2 3 4 |  4.0
Air Magic      | 1 2 3 4 |  4.0
Earth Magic    | 1 2 3 4 |  4.0
Poison Magic   | 1 2 3 4 |  4.0
Shapeshifting  | 1 2 3 4 |  4.0
Armour         | 3 4 5 |  5.6
Ice Magic      | 4 5 |  5.6
Fighting       | 7 8 |  8.2

Action                     |  1- 3 |  4- 6 |  7- 9 | 10-12 || total
---------------------------+-------+-------+-------+-------++-------
  Melee: Dagger            |    75 |   116 |    18 |       ||   209
         Bite              |     9 |     8 |    45 |     1 ||    63
         Punch             |       |     4 |       |       ||     4
         Dire flail        |       |       |   341 |    21 ||   362
   Cast: Freeze            |    26 |   101 |    53 |       ||   180
         Blink             |       |       |     1 |       ||     1
  Evoke: Wand              |       |     2 |     2 |     3 ||     7
    Use: Scroll            |       |     5 |     5 |       ||    10
         Potion            |       |       |       |     2 ||     2
   Stab: Sleeping          |    14 |    10 |    18 |       ||    42
         Distracted        |       |       |     1 |       ||     1
 Armour: Robe              |    21 |    96 |   185 |    12 ||   314
  Dodge: Dodged            |    52 |   126 |   251 |    15 ||   444

Table legend: (Time is in decaauts)
 A = Elapsed time spent in this place.
 B = Non-inter-level travel time spent in this place.
 C = Inter-level travel time spent in this place.
 D = Time resting spent in this place.
 E = Time spent auto-exploring this place.
 F = Levels seen in this place.
 G = Mean time per level.
                   A        B        C        D        E       F      G
               +--------+--------+--------+--------+--------+-----+--------+
         Total |   8159 |   8011 |    148 |     85 |   5363 |  10 |  815.9 |
       Dungeon |   6223 |   6078 |    145 |     23 |   4063 |   7 |  889.0 |
        Temple |      5 |      2 |      3 |      0 |      0 |   1 |    5.0 |
         Sewer |   1500 |   1500 |      0 |     62 |   1085 |   1 | 1500.0 |
       Ossuary |    429 |    429 |      0 |      0 |    215 |   1 |  429.0 |
               +--------+--------+--------+--------+--------+-----+--------+

Top non-repeatable levels by time:
     D:4: 1598 daAuts
   Sewer: 1500 daAuts
     D:6: 1164 daAuts
     D:3: 1093 daAuts
     D:1: 897 daAuts
     D:2: 720 daAuts
     D:5: 468 daAuts
 Ossuary: 429 daAuts
     D:7: 280 daAuts
  Temple: 5 daAuts
